 Dungeon Crawl Stone Soup version 0.30.1 (webtiles) character file.

Game seed: 6330746628757183223

121 javelincjr the Sneak (level 4, -1/37 HPs)
             Began as a Demonspawn Delver on July 3, 2023.
             Killed by nerve-wracking pain
             ... invoked by Grinder
              (6 damage)
             ... while paralysed by Grinder
             ... on level 3 of the Dungeon.
             The game lasted 00:09:29 (2287 turns).

javelincjr the Sneak (Demonspawn Delver)            Turns: 2287, Time: 00:09:30

Health: -1/37      AC:  4    Str: 14    XL:     4   Next: 77%
Magic:  4/4        EV:  2    Int: 11    God:
Gold:   161        SH:  0    Dex: 17    Spells: 3/3 levels left

rFire   . . .        a - +0 spear
rCold   . . .        (no shield)
rNeg    . . .        b - +0 leather armour
rPois   .            (no helmet)
rElec   .            (no cloak)
rCorr   .            k - +0 pair of gloves
SInv    .            (no boots)
Will    .....        (no amulet)
Stlth   ++++         j - ring of wizardry
HPRegen 0.26/turn    (no ring)
MPRegen 0.09/turn

%: wizardry (x1)
@: paralysed
A: thin skeletal structure 1
a: no special abilities


You were on level 3 of the Dungeon.
You visited 1 branch of the dungeon, and saw 6 of its levels.

You collected 161 gold pieces.

Inventory:

Hand Weapons
 a - a +0 spear (weapon)
Armour
 b - a +0 leather armour (worn)
 k - a +0 pair of gloves (worn)
Jewellery
 j - a ring of wizardry (left hand)
Wands
 g - a wand of digging (3)
Scrolls
 c - 2 scrolls of fog
 d - 2 scrolls of magic mapping
 h - a scroll of noise {unknown}
 i - 3 scrolls of identify {unknown}
 l - a scroll of teleportation {unknown}
Potions
 e - a potion of heal wounds {unknown}
 f - 4 potions of haste


   Skills:
 + Level 3.7 Fighting
 + Level 2.7 Polearms
 + Level 2.7 Dodging
 + Level 5.1 Stealth


You had 3 spell levels left.
You didn't know any spells.
Your spell library contained the following spells:

 Spells                   Type           Power      Damage    Failure   Level
 Scorch                   Fire           0%         2d5       26%         2
 Flame Wave               Conj/Fire      0%         2d4       85%         4
 Summon Cactus Giant      Summ           0%         N/A       100%        6


Dungeon Overview and Level Annotations

Branches:
Dungeon (6/15)
 Temple: D:4-7

Altars:
Makhleb

Annotations:
D:3 Grinder
D:4 Robin
D:5 1 runed translucent door, Mig's ghost, novice VSFi; Pikel; Prince Ribbit


Innate Abilities, Weirdness & Mutations

You have a somewhat thin skeletal structure. (Dex +2, Stealth+)


Message History

Grinder is lightly wounded.
Grinder hits you.
You writhe in agony.
* * * LOW HITPOINT WARNING * * *
You hit Grinder.
Grinder is moderately wounded.
Grinder hits you.
* * * LOW HITPOINT WARNING * * *
You barely miss Grinder.
Grinder is moderately wounded.
Grinder says, "Tell me all your secrets, or I'll kill you."
Grinder hits you but does no damage.
You barely miss Grinder.
Grinder is moderately wounded.
Grinder hits you.
* * * LOW HITPOINT WARNING * * *
You writhe in agony.
* * * LOW HITPOINT WARNING * * *
You barely miss Grinder.
Grinder is moderately wounded.
Grinder hits you.
* * * LOW HITPOINT WARNING * * *
You writhe in agony.
* * * LOW HITPOINT WARNING * * *
You barely miss Grinder.
Grinder is moderately wounded.
Grinder blinks!
Unknown command.
Found a runed sapphire ring.
The bat hits you.
* * * LOW HITPOINT WARNING * * *
The bat barely misses you. The bat misses you.
The bat hits you but does no damage.
Grinder says, "My boss said I was rubbish.
His entrails said otherwise."
Grinder gestures at you.
You suddenly lose the ability to move!
The bat hits you but does no damage. x4
Grinder gestures at you. Pain shoots through your body!
You die...

#..# ..#...#... #.....†#. #..#
#.#..##.########..#...
####..####..........._#2##.....
#.......=.........#######(.####
#.##........#..#.## #.#.#####
#.##.#......5..#.######.#......
#.##.#.######..#.#.............
#.##.#=# #.b#.#.###.########
#.##.#.# #.@#.#.# #.# #.##.#.##
#..#.#.# #.# #.#.....#
#.<#.#.###.# #.#.....#
#..........#
#.#.....######.....############
#.#.....#........)..# #.......†
#.#.... #.####.....## #.#######
#.##†.###.####....#####.#
#.##......#....#........#


You could see Grinder and a bat.

Vanquished Creatures
  3 gnolls
  2 adders
  3 worms (D:2)
  2 dart slugs
  An orc (D:4)
  4 bats (D:1)
  5 endoplasms
  3 giant cockroaches
  7 goblins
  5 hobgoblins
  3 jackals (D:1)
  2 quokkas
  8 ball pythons
  5 frilled lizards
  4 kobolds
  2 rats
59 creatures vanquished.

Notes
Turn   | Place    | Note
-------+----------+-------------------------------------------
     0 | D:5      | javelincjr the Demonspawn Delver began the quest for the
                  | Orb.
     0 | D:5      | Reached XP level 1. HP: 18/18 MP: 1/1
     3 | D:5      | Noticed a lemure
     3 | D:5      | Noticed a lemure
     4 | D:5      | Found a runed translucent door.
     4 | D:5      | Noticed Mig's ghost (novice VSFi)
     7 | D:5      | Noticed a lemure
     7 | D:5      | Noticed Pikel
    41 | D:6      | Noticed an iguana
    44 | D:6      | Noticed a phantom
    57 | D:5      | Noticed Prince Ribbit
    88 | D:5      | Noticed a scorpion
   119 | D:4      | Gained mutation: You have a somewhat thin skeletal
                  | structure. (Dex +2, Stealth+) [demonic ancestry]
   119 | D:4      | Reached XP level 2. HP: 24/24 MP: 2/2
   284 | D:4      | Noticed Robin
   302 | D:4      | HP: 1/24 [Robin/+0 mace (5)]
   498 | D:1      | Reached XP level 3. HP: 22/29 MP: 3/3
  1238 | D:2      | Reached XP level 4. HP: 20/35 MP: 4/4
  1865 | D:2      | Reached skill level 5 in Stealth
  2016 | D:3      | Found a burning altar of Makhleb.
  2016 | D:3      | Noticed a cacodemon
  2253 | D:3      | Noticed Grinder
  2271 | D:3      | HP: 1/37 [Grinder (1)]
  2284 | D:3      | Paralysed by Grinder for 5 turns
  2287 | D:3      | Killed from afar by Grinder

Illustrated notes

Levels and vault maps discovered:
D:1:      dpeg_arrival_tiny_j, layout_basic, st_stairs_12
D:2:      layout_basic, minmay_misc_feat_roman
D:3:      layout_loops_ring, makhleb_altar_promises_db, tgw_xom, uniq_grinder,
          uniq_crazy_yiuf_cottage
D:4:      kennysheep_goblin_castle, layout_loops_ring,
          pdpol_temple_overflow_zin_treasury_gozag_greed,
          minmay_temple_entry_proselytizer, uniq_robin
D:5:      layout_loops_ring, mainiacjoe_overflow_boulevard,
          gammafunk_ghost_grave, uniq_pikel, uniq_ijyb, uniq_prince_ribbit1,
          uniq_sigmund, uniq_duvessa
D:6:      layout_basic, worldfamousw_hep_ancestral_shrine, old_standard_altar,
          minmay_checkerbox, uniq_edmund

Skill      XL: |  1  2  3  4 |
---------------+-------------+-----
Polearms       | 2 |  2.7
Dodging        | 2 |  2.7
Stealth        | 5 |  5.1
Fighting       | |  3.7

Action                     |  1- 3 |  4- 6 || total
---------------------------+-------+-------++-------
  Melee: Spear             |   194 |    71 ||   265
         Punch             |     1 |       ||     1
    Use: Scroll            |     1 |       ||     1
   Stab: Sleeping          |    17 |     5 ||    22
 Armour: Leather armour    |    40 |    15 ||    55
  Dodge: Dodged            |    96 |    39 ||   135
